 Dungeon Crawl Stone Soup version 0.24.0-13-gcf9b319 (webtiles) character file.

Game seed: 14022837096753165501, levelgen mode: deterministic

21 Bronimir the Sneak (level 2, -1/17 HPs)
             Began as an Octopode Fire Elementalist on Mar 19, 2020.
             Slain by Natasha (5 damage)
             ... on level 2 of the Dungeon.
             The game lasted 00:02:55 (1149 turns).

Bronimir the Sneak (Octopode Fire Elementalist)     Turns: 1149, Time: 00:02:56

Health: -1/17      AC:  1    Str:  7    XL:     2   Next: 83%
Magic:  0/5        EV: 13    Int: 17    God:
Gold:   40         SH:  0    Dex: 12    Spells: 0/5 levels left

rFire    . . .     SeeInvis .   h - +3 dagger
rCold    . . .     Gourm    .   (no shield)
rNeg     . . .     Faith    .   (helmet restricted)
rPois    .         Spirit   +   a - amulet of guardian spirit
rElec    .         Reflect  .   (no ring)
rCorr    .         Harm     .   (no ring)
MR       .....                  (no ring)
Stlth    +++.......             (no ring)
HPRegen  0.05/turn              (no ring)
MPRegen  0.09/turn              (no ring)
                                (no ring)
                                (no ring)

@: slowed, very slow
A: almost no armour, stealthy swim, amphibious, 8 rings, constrict 8, camouflage
1, gelatinous body 1
a: no special abilities


You were on level 2 of the Dungeon.
You were not hungry.

You visited 1 branch of the dungeon, and saw 2 of its levels.

You collected 40 gold pieces.

Inventory:

Hand Weapons
 h - a +3 dagger (weapon)
Missiles
 d - 18 stones (quivered)
Jewellery
 a - an amulet of guardian spirit (around mantle)
Scrolls
 c - a scroll of enchant armour {unknown}
 f - a scroll of identify {unknown}
 g - 2 scrolls of teleportation {unknown}
Potions
 e - a potion of haste {unknown}
Comestibles
 b - a ration


   Skills:
 * Level 2.2 Dodging
 - Level 3.2 Stealth
 + Level 2.3 Spellcasting
 * Level 1.2 Conjurations
 * Level 3.2 Fire Magic


You couldn't memorise any spells.
You knew the following spells:

 Your Spells              Type           Power        Failure   Level  Hunger
a - Flame Tongue          Conj/Fire      #....        8%          1    #......
b - Throw Flame           Conj/Fire      #.....       12%         2    ##.....
c - Sticks to Snakes      Tmut           #.......     28%         2    ##.....

Your spell library contained the following spells:

 Spells                   Type           Power        Failure   Level  Hunger
 Beastly Appendage        Tmut           #.....       19%         1    #......
 Conjure Flame            Conj/Fire      #.......     22%         3    ###....
 Inner Flame              Hex/Fire       #.......     28%         3    ###....
 Spider Form              Tmut/Pois      #.........   50%         3    ###....
 Sticky Flame             Conj/Fire      #.......     58%         4    #####..
 Ice Form                 Ice/Tmut       #.......     88%         4    #####..
 Fireball                 Conj/Fire      #.........   91%         5    ######.
 Blade Hands              Tmut           #.........   99%         5    ######.


Dungeon Overview and Level Annotations

Branches:
Dungeon (2/15)

Altars:

Annotations:
D:2 Natasha


Innate Abilities, Weirdness & Mutations

You cannot wear most types of armour.
You are very stealthy in the water. (Stealth+)
You are amphibious.
You can wear up to eight rings at the same time.
You can use your tentacles to constrict eight enemies at once.
Your skin changes colour to match your surroundings (Stealth+).
Your rubbery body absorbs attacks. (AC +1, EV +1)


Message History

You feel yourself slow down. Natasha barely misses you.
Natasha completely misses you.
You closely miss Natasha. You grab Natasha. Your squeeze misses Natasha.
You constrict Natasha.
Natasha stares at you and mumbles some strange words.
The magic dart hits you!
Casting: Flame Tongue (safe; 8% risk of failure)
Confirm with . or Enter, or press ? or * to list all spells.
Aiming: Flame Tongue (safe; 8% risk of failure)
Press: ? - help, Shift-Dir - straight line, f - Natasha
Aim: Natasha (lightly wounded, constricted by you)
The flame tongue hits Natasha.
Natasha is lightly wounded.
You constrict Natasha.
Natasha stares at you and mumbles some strange words.
The magic dart hits you!
* * * LOW HITPOINT WARNING * * *
Natasha claws you.
You die...

.....###...# .
...........#.#
(..#......#.###
(..............
#.....# # #.
#.....#..# #.
#.......#
#.######..#####
#.#...@h.##
#.#.######
#.#.# #.#<#
#...# #####


You could see Natasha.

Vanquished Creatures
  A dart slug (D:1)
  A leopard gecko (D:1)
  A ball python (D:1)
  A bat (D:1)
  2 goblins (D:1)
  4 hobgoblins
  3 kobolds (D:1)
  2 rats
15 creatures vanquished.

Notes
Turn   | Place    | Note
-------+----------+-------------------------------------------
     0 | D:1      | Bronimir the Octopode Fire Elementalist began the quest for
                  | the Orb.
     0 | D:1      | Reached XP level 1. HP: 11/11 MP: 3/3
   218 | D:1      | Reached XP level 2. HP: 17/17 MP: 3/5
   277 | D:1      | Learned a level 2 spell: Throw Flame
   956 | D:2      | Noticed Natasha
   965 | D:2      | Learned a level 2 spell: Sticks to Snakes
  1149 | D:2      | Slain by Natasha

Levels and vault maps discovered:
D:1:      nzn_arrival_depleted_hourglass, layout_loops_ring
D:2:      layout_rooms, nrook_mini_backslash, minmay_strange_pillars,
          uniq_natasha

Skill      XL: |  1 |
---------------+----+-----
Stealth        | 3 |  3.2
Dodging        | |  2.2
Spellcasting   | |  2.3
Conjurations   | |  1.2
Fire Magic     | |  3.2

Action                   || total
-------------------------++-------
Melee: Unarmed           ||     5
       Constrict         ||     4
       Dagger            ||     1
Throw: Javelin           ||     8
       Stone             ||     1
 Cast: Flame Tongue      ||    22
       Throw Flame       ||     2
  Eat: Chunk             ||     1
Armor: Skin              ||     1
Dodge: Dodged            ||     9
